 Dungeon Crawl Stone Soup version 0.29.1-12-g30fa7ad0bf (webtiles) character file.

Game seed: 2086352259618186779

812 cbfl8 the Chopper (level 7, -2/61 HPs)
             Began as a Minotaur Berserker on Jan 8, 2023.
             Was a Believer of Trog.
             Slain by a gnoll sergeant
             ... wielding a +3 trident of venom
              (8 damage)
             ... on level 5 of the Dungeon.
             The game lasted 00:04:26 (4275 turns).

cbfl8 the Chopper (Minotaur Berserker)              Turns: 4275, Time: 00:04:27

Health: -2/61      AC: 10    Str: 22    XL:     7   Next: 61%
Magic:  6/6        EV:  5    Int:  4    God:    Trog [**....]
Gold:   256        SH: 13    Dex: 17    Spells: 6/6 levels left

rFire   + . .      SeeInvis .   a - +0 hand axe
rCold   x . .      Faith    +   c - +0 tower shield
rNeg    . . .      Spirit   .   m - +0 chain mail
rPois   .          Reflect  .   (helmet restricted)
rElec   .          Harm     .   g - +0 cloak
rCorr   .          Rampage  .   (no gloves)
Will    ++...                   (no boots)
Stlth   ..........              x - amulet of faith
HPRegen 1.20/turn               t - +6 ring of dexterity
MPRegen 0.10/turn               u - ring of fire

@: lethally poisoned (-2 -> -5), strong-willed, on berserk cooldown,
regenerating, slowed, very slow
A: horns 2, retaliatory headbutt
a: Renounce Religion, Berserk, Trog's Hand


You were on level 5 of the Dungeon.
You worshipped Trog.
Trog was pleased with you.
You visited 1 branch of the dungeon, and saw 6 of its levels.

You collected 256 gold pieces.

Inventory:

Hand Weapons
 a - a +0 hand axe (weapon)
Armour
 c - a +0 tower shield (worn)
 g - a +0 cloak (worn)
 m - a +0 chain mail (worn)
Jewellery
 t - a +6 ring of dexterity (left hand)
 u - a ring of fire (right hand)
 x - an amulet of faith (around neck)
Wands
 l - a wand of light (13)
Scrolls
 b - 2 scrolls of enchant armour {unknown}
 e - 3 scrolls of teleportation {unknown}
 f - a scroll of poison {unknown}
 k - a scroll of butterflies {unknown}
 n - 2 scrolls of noise {unknown}
 o - a scroll of brand weapon {unknown}
 r - 4 scrolls of identify {unknown}
 s - a scroll of magic mapping {unknown}
 v - a scroll of enchant weapon {unknown}
 y - a scroll of vulnerability {unknown}
Potions
 d - a potion of invisibility {unknown}
 h - 2 potions of degeneration {unknown}
 i - a potion of lignification {unknown}
 p - 2 potions of mutation {unknown}
 q - a potion of ambrosia {unknown}
 w - a potion of attraction {unknown}
 z - a potion of heal wounds {unknown}


   Skills:
 * Level 5.1 Fighting
 * Level 7.9 Axes
 + Level 3.5 Armour
 + Level 2.6 Dodging
 * Level 1.9 Stealth
 + Level 3.1 Shields
 * Level 2.3 Evocations


You had 6 spell levels left.
You didn't know any spells.
Your spell library was empty.

Dungeon Overview and Level Annotations

Branches:
Dungeon (6/15)
 Temple: D:4-7

Altars:
Ashenzari
Yredelemnul

Shops:
D:5 =


Innate Abilities, Weirdness & Mutations

You have a pair of horns on your head.
You reflexively headbutt those who attack you in melee.


Message History

* * * LOW HITPOINT WARNING * * *
You feel very sick. You block the gnoll sergeant's attack.
You block the gnoll's attack.
It was a potion of curing.
You feel better. You block the gnoll sergeant's attack.
The gnoll hits you with a +0 spear.
* * * LOW HITPOINT WARNING * * *
The gnoll sergeant hits you with a +3 trident of venom.
* * * LOW HITPOINT WARNING * * *
You are poisoned.
The gnoll hits you but does no damage.
You feel better.
The gnoll sergeant hits you with a +3 trident of venom!
* * * LOW HITPOINT WARNING * * *
You are poisoned.
You block the gnoll's attack.
You feel better.
The gnoll sergeant hits you with a +3 trident of venom.
You are poisoned.
The gnoll hits you but does no damage.
The gnoll sergeant hits you with a +3 trident of venom!
* * * LOW HITPOINT WARNING * * *
You are lethally poisoned!
You block the gnoll's attack.
You feel better.
The gnoll sergeant hits you with a +3 trident of venom!
You are poisoned.
You block the gnoll's attack.
Your skin crawls.
You feel strong-willed.
You feel very sick.
The gnoll sergeant hits you with a +3 trident of venom!
* * * LOW HITPOINT WARNING * * *
You are more poisoned.
The gnoll barely misses you. You block the gnoll sergeant's attack.
The gnoll closely misses you. You furiously retaliate!
You headbutt the gnoll. The gnoll attacks as you move away!
You block the gnoll's attack.
* * * LOW HITPOINT WARNING * * *
You feel very sick.
The gnoll sergeant hits you from afar with a +3 trident of venom!
You die...

#...........#
#...........#
#...........#
#...........#
#.(..........
#...$........
#..(gg.......
#.....)......
#...)@)#+###.
#....$.#
#......#
#......#
#......#
#......#
#......#
#......#
#......#


You could see a gnoll sergeant and a gnoll.

Vanquished Creatures
  Sigmund (D:4)
  Edmund (D:4)
  A phantom (D:4)
  A necrophage (D:4)
  A scorpion (D:2)
  A jelly (D:5)
  A centaur zombie (D:4)
  A hound (D:5)
  2 iguanas
  A scorpion zombie (D:4)
  4 adders
  4 gnolls (D:5)
  5 adder zombies (D:4)
  An adder skeleton (D:4)
  3 dart slugs
  4 orcs
  7 endoplasms
  3 giant cockroaches
  6 goblins
  4 hobgoblins
  2 quokkas
  9 ball pythons
  4 bats
  3 frilled lizards (D:1)
  10 kobolds
  A quokka skeleton (D:4)
  5 rats
  A spectral goblin (D:1)
87 creatures vanquished.

Vanquished Creatures (others)
  A withered plant (D:4)
1 creature vanquished.

Grand Total: 88 creatures vanquished

Notes
Turn   | Place    | Note
-------+----------+-------------------------------------------
     0 | D:1      | cbfl8 the Minotaur Berserker began the quest for the Orb.
     0 | D:1      | Reached XP level 1. HP: 19/19 MP: 0/0
   230 | D:1      | Reached XP level 2. HP: 25/27 MP: 1/1
   274 | D:1      | Reached skill level 4 in Axes
   635 | D:1      | Reached ** piety under Trog
   793 | D:1      | Found a faded altar of an unknown god.
  1077 | D:2      | Reached XP level 3. HP: 33/33 MP: 2/2
  1193 | D:2      | Noticed a scorpion
  1200 | D:2      | Killed a scorpion
  1201 | D:2      | Reached skill level 5 in Axes
  1201 | D:2      | Reached XP level 4. HP: 41/41 MP: 3/3
  1652 | D:3      | Found a broken altar of Ashenzari.
  1849 | D:3      | You fall into a shaft and drop 3 floors!
  1863 | D:5      | Entered Level 5 of the Dungeon
  2118 | D:3      | Reached XP level 5. HP: 47/47 MP: 4/4
  2775 | D:4      | Reached skill level 6 in Axes
  2775 | D:4      | Reached skill level 1 in Stealth
  2775 | D:4      | Reached skill level 1 in Evocations
  2813 | D:4      | Found a basalt altar of Yredelemnul.
  2897 | D:4      | Reached skill level 1 in Shields
  3016 | D:4      | Noticed a phantom
  3026 | D:4      | Killed a phantom
  3027 | D:4      | Reached XP level 6. HP: 55/55 MP: 5/5
  3382 | D:4      | Noticed Sigmund
  3405 | D:4      | Killed Sigmund
  3406 | D:4      | Reached skill level 5 in Fighting
  3406 | D:4      | Reached skill level 7 in Axes
  3406 | D:4      | Reached XP level 7. HP: 61/61 MP: 6/6
  3589 | D:4      | Noticed Edmund
  3599 | D:4      | Killed Edmund
  4141 | D:5      | Found Mufaidai's One-of-a-Kind Rings.
  4275 | D:5      | Slain by a gnoll sergeant

Illustrated notes

Levels and vault maps discovered:
D:1:      dpeg_arrival_shelter, layout_basic,
          dreamdust_ecumenical_altar_drowned_temple, minmay_misc_feat_columns
D:2:      layout_basic
D:3:      layout_basic, mainiacjoe_overflow_alcove_4, serial_rivers,
          chequers_serial_rivers_micro_e, chequers_serial_rivers_room_b,
          chequers_serial_rivers_small_3, chequers_serial_rivers_room_b,
          chequers_serial_rivers_micro_b, chequers_serial_rivers_micro_e
D:4:      layout_loops_ring, amcnicky_altar_gilded, serial_undead,
          serial_undead_f, serial_undead_d, serial_undead_e, serial_undead_a,
          serial_undead_e, sigmund_edmund_badplayer
D:5:      layout_gridville, minmay_misc_feat_nine_boxes, minivault_25,
          nicolae_shop_unique_rings
D:6:      layout_basic, minmay_temple_entry_enclosed_plants

Skill      XL: |  1  2  3  4  5  6  7 |
---------------+----------------------+-----
Fighting       | 4 5 |  5.1
Axes           | 4 5 6 7 |  7.9
Stealth        | 1 |  1.9
Evocations     | 1 2 |  2.3
Shields        | 1 2 3 |  3.1
Armour         | 3 |  3.5
Dodging        | |  2.6

Action                   |  1- 3 |  4- 6 |  7- 9 || total
-------------------------+-------+-------+-------++-------
Melee: Hand axe          |    62 |   120 |    50 ||   232
       Headbutt          |    14 |    29 |    10 ||    53
Invok: Berserk           |     1 |     2 |     2 ||     5
       Trog's Hand       |       |       |     1 ||     1
  Use: Potion            |       |       |     4 ||     4
 Stab: Sleeping          |     1 |       |       ||     1
Armor: Animal skin       |    19 |       |       ||    19
       Ring mail         |     4 |     2 |       ||     6
       Chain mail        |       |    62 |    16 ||    78
Dodge: Dodged            |    24 |    16 |     6 ||    46
Block: Tower shield      |    22 |    72 |    57 ||   151
